 Dungeon Crawl Stone Soup version 0.28-b1-1-g3c77fb2ed1 (webtiles) character file.

Game seed: 13273794153398351526

975 McKennaii the Conjurer (level 7, -5/53 HPs)
             Began as a Demigod Conjurer on Jan 28, 2022.
             Succumbed to Duvessa's poison
             ... on level 5 of the Dungeon.
             The game lasted 00:06:59 (5048 turns).

McKennaii the Conjurer (Demigod Conjurer)           Turns: 5048, Time: 00:06:59

Health: -5/53      AC:  3    Str:  8    XL:     7   Next: 63%
Magic:  0/18       EV: 12    Int: 28    God:
Gold:   21         SH:  0    Dex: 12    Spells: 9/16 levels left

rFire   . . .      SeeInvis .   f - staff of conjuration
rCold   . . .      Faith    .   (no shield)
rNeg    . . .      Spirit   .   q - +1 robe {Will+}
rPois   .          Reflect  .   (no helmet)
rElec   .          Harm     .   (no cloak)
rCorr   .          Rampage  .   (no gloves)
Will    ++...                   (no boots)
Stlth   ++........              (no amulet)
HPRegen 0.17/turn               g - ring of willpower
MPRegen 0.16/turn               (no ring)

@: lethally poisoned (-5 -> -31)
A: high mp 1, forlorn, divine attributes
a: no special abilities


You were on level 5 of the Dungeon.
You visited 1 branch of the dungeon, and saw 5 of its levels.

You collected 186 gold pieces.
You spent 165 gold pieces at shops.

Inventory:

Armour
 q - a +1 robe of willpower (worn)
Magical Staves
 f - a staff of conjuration (weapon)
Jewellery
 g - a ring of willpower (left hand)
 l - a ring of ice
Wands
 j - a wand of charming (3)
Scrolls
 d - 8 scrolls of identify {unknown}
 e - a scroll of amnesia {unknown}
 i - 2 scrolls of brand weapon {unknown}
 k - a scroll of silence {unknown}
 m - a scroll of blinking {unknown}
 p - a scroll of noise {unknown}
Potions
 c - a potion of magic {unknown}
 n - a potion of lignification {unknown}
 o - 2 potions of ambrosia {unknown}


   Skills:
 + Level 1.6 Fighting
 + Level 1.1 Staves
 - Level 1.7 Dodging
 - Level 1.7 Stealth
 + Level 5.4 Spellcasting
 + Level 6.7 Conjurations


You had 9 spell levels left.
You knew the following spells:

 Your Spells              Type           Power      Damage    Failure   Level
a - Magic Dart            Conj           100%       1d8       1%          1
b - Searing Ray           Conj           100%       2d8       1%          2
c - Iskenderun's Mystic   Conj/Tloc      39%        2d9       16%         4

Your spell library contained the following spells:

 Spells                   Type           Power      Damage    Failure   Level
 Dazzling Flash           Conj/Hex       78%        N/A       4%          3
 Blink                    Tloc           14%        N/A       10%         2
 Sublimation of Blood     Necr           7%         N/A       10%         2
 Wereblood                Tmut           7%         N/A       10%         2
 Fulminant Prism          Conj/Hex       19%        3d11      16%         4
 Manifold Assault         Tloc           7%         N/A       87%         5
 Storm Form               Tmut/Air       3%         N/A       100%        7
 Summon Hydra             Summ           3%         N/A       100%        7


Dungeon Overview and Level Annotations

Branches:
Dungeon (5/15)             Temple (0/1) D:4

Shops:
D:5 [*[[

Annotations:
D:5 1 transporter, Duvessa; nogo's ghost, novice PaFi


Innate Abilities, Weirdness & Mutations

You have an increased reservoir of magic. (+10% MP)
You shall have no god before yourself.
Your divine heritage dramatically boosts your attributes as you level up.


Message History

* * * LOW HITPOINT WARNING * * *
You are lethally poisoned!
Unknown command.
You feel much better.
You feel very sick.
Duvessa hits you with a +2 short sword of venom!
You are more poisoned.
Unknown command.
Casting: Searing Ray (safe; 1% risk of failure)
Confirm with . or Enter, or press ? or * to list all spells.
The spell is quite dangerous to miscast (16% risk of failure)!
Continue anyway?
You feel a surge of power!
You erupt in a blast of force!
The mystic blast hits Duvessa!
Duvessa is severely wounded.
Duvessa is knocked back by the mystic blast.
* * * LOW HITPOINT WARNING * * *
You feel extremely sick.
Unknown command.
Unknown command.
Casting: Iskenderun's Mystic Blast (quite dangerous; 16% risk of failure)
Confirm with . or Enter, or press ? or * to list all spells.
The spell is quite dangerous to miscast (16% risk of failure)!
Continue anyway?
You feel a surge of power!
You erupt in a blast of force!
The mystic blast hits Duvessa.
Duvessa is severely wounded.
Duvessa is knocked back by the mystic blast.
Duvessa slams into the rock wall!
* * * LOW HITPOINT WARNING * * *
You feel extremely sick.
Unknown command.
Unknown command.
Casting: Iskenderun's Mystic Blast (quite dangerous; 16% risk of failure)
Confirm with . or Enter, or press ? or * to list all spells.
The spell is quite dangerous to miscast (16% risk of failure)!
Continue anyway?
You feel a surge of power!
You erupt in a blast of force!
The mystic blast hits Duvessa.
Duvessa is severely wounded.
Duvessa is knocked back by the mystic blast.
Duvessa slams into the rock wall!
You die...

. #.....e...##..# .#
##..$##.#.. ##.# .###
###...<...##e##..## ....#
....#.........e...#.....#
###....#.####.###.......#
.......#... #...e#....###
.....∩.####.####)####.#
...... .......# #
#.####... #......
.....### #@........
#...... ..#..#
#......####### .......
.....#.. .....##.#
....... ..........?## ###
#...... .##.###### #####
# #..... .##.# ...# #.
#.... .##.# ##### #..#
#.#####.. ###.#
#...###..# #...###..
[...#
#........#######...#..


You could see Duvessa (berserk).

Vanquished Creatures
  A black bear (D:5)
  An ogre (D:5)
  A phantom (D:4)
  A scorpion (D:4)
  Dowan (D:5)
  4 killer bees (D:5)
  2 orc priests (D:5)
  A jelly (D:4)
  A centaur skeleton (D:4)
  Terence (D:3)
  An iguana (D:5)
  3 orc wizards
  A killer bee zombie (D:5)
  3 adders
  4 gnolls (D:4)
  An adder skeleton (D:4)
  3 worms
  A dart slug (D:1)
  16 orcs
  6 ball pythons
  7 endoplasms
  3 giant cockroaches
  11 goblins
  3 hobgoblins
  5 jackals
  4 quokkas
  3 bats (D:1)
  2 frilled lizards (D:1)
  6 kobolds
  9 rats
106 creatures vanquished.

Notes
Turn   | Place    | Note
-------+----------+-------------------------------------------
     0 | D:1      | McKennaii the Demigod Conjurer began the quest for the Orb.
     0 | D:1      | Reached XP level 1. HP: 14/14 MP: 5/5
   292 | D:1      | Reached skill level 4 in Conjurations
   343 | D:1      | Reached XP level 2. HP: 20/20 MP: 5/7
   346 | D:1      | Learned a level 2 spell: Searing Ray
  1298 | D:2      | Reached XP level 3. HP: 26/26 MP: 3/8
  2468 | D:3      | Reached XP level 4. HP: 33/33 MP: 8/10
  2564 | D:3      | Reached skill level 5 in Conjurations
  2941 | D:3      | Noticed Terence
  2947 | D:3      | Killed Terence
  3334 | D:4      | Found a staircase to the Ecumenical Temple.
  3358 | D:4      | Reached XP level 5. HP: 39/39 MP: 8/12
  3675 | D:4      | Reached skill level 1 in Fighting
  3675 | D:4      | Reached XP level 6. HP: 47/47 MP: 5/14
  4106 | D:5      | Entered Level 5 of the Dungeon
  4106 | D:5      | Found Tocyenir's Assorted Antiques.
  4107 | D:5      | Noticed Duvessa
  4469 | D:5      | Found Cinygiem's Armour Shoppe.
  4477 | D:5      | Bought a +1 robe of willpower for 165 gold pieces
  4493 | D:5      | Reached skill level 6 in Conjurations
  4503 | D:5      | Reached skill level 1 in Staves
  4503 | D:5      | Reached XP level 7. HP: 43/52 MP: 4/17
  4677 | D:5      | Found Mashrok's Antique Armour Emporium.
  4741 | D:5      | Found a transporter.
  4744 | D:5      | Noticed nogo's ghost (novice PaFi)
  4796 | D:5      | Reached skill level 5 in Spellcasting
  4841 | D:5      | Found Ymit's Antique Armour Shop.
  4948 | D:5      | Learned a level 4 spell: Iskenderun's Mystic Blast
  4997 | D:5      | Noticed Dowan
  5042 | D:5      | Killed Dowan
  5044 | D:5      | HP: 1/53 [Duvessa (21)]
  5048 | D:5      | Succumbed to Duvessa's poison

Illustrated notes

Levels and vault maps discovered:
D:1:      psy_arrival_conway, layout_basic, shapermc_ecumenical_altar_ellora
D:2:      layout_rooms, grunt_ministairs_14
D:3:      layout_rooms, cheibrodos_ashenzari_chains, uniq_terence
D:4:      layout_cave_pools, minmay_temple_entry_purple_smoke
D:5:      layout_rooms, serial_shops, nicolae_square_shop, shop,
          nicolae_shop_competitors_out_of_business, nicolae_shop_crystal,
          gammafunk_ghost_stat_death, uniq_duvessa

Skill      XL: |  1  2  3  4  5  6  7 |
---------------+----------------------+-----
Conjurations   | 4 5 6 |  6.7
Spellcasting   | 2 3 4 5 |  5.4
Fighting       | 1 |  1.6
Staves         | 1 |  1.1
Dodging        | |  1.7
Stealth        | |  1.7

Action                   |  1- 3 |  4- 6 |  7- 9 || total
-------------------------+-------+-------+-------++-------
Melee: Staff             |     4 |     7 |       ||    11
 Cast: Magic Dart        |    76 |    78 |    18 ||   172
       Searing Ray       |     7 |    15 |     8 ||    30
       Iskenderun's Myst |       |       |     3 ||     3
  Use: Potion            |       |       |     5 ||     5
Armor: Robe              |     4 |     4 |     1 ||     9
Dodge: Dodged            |    11 |    18 |     4 ||    33
